 Dungeon Crawl Stone Soup version 0.24.0-29-g8ce449bc06 (webtiles) character file.

Game seed: 10186726528121979744, levelgen mode: deterministic

19814 Emblim88 the Archer (level 12, -16/101 HPs)
             Began as a Centaur Arcane Marksman on Nov 14, 2019.
             Was an Elder of the Shining One.
             Hit by a large rock thrown by a stone giant (47 damage)
             ... on level 2 of the Orcish Mines.
             The game lasted 01:46:19 (21764 turns).

Emblim88 the Archer (Centaur Arcane Marksman)      Turns: 21764, Time: 01:46:20

Health: -16/101    AC: 12    Str: 13    XL:     12   Next: 39%
Magic:  26/26      EV: 19    Int: 13    God:    the Shining One [****..]
Gold:   239        SH:  0    Dex: 14    Spells: 2/14 levels left

rFire    . . .     SeeInvis .   e - +1 shortbow "Iloafoyn" {flame, rC++}
rCold    + + .     Gourm    .   (shield currently unavailable)
rNeg     + + .     Faith    .   h - +2 robe {MR+}
rPois    .         Spirit   .   u - +1 helmet
rElec    .         Reflect  .   y - +0 cloak
rCorr    .         Harm     .   w - +2 pair of gloves
MR       +....                  (no barding)
Stlth    +.........             D - amulet of regeneration
HPRegen  0.66/turn              g - ring of magical power
MPRegen  0.20/turn              E - +6 ring of evasion

@: glowing, studying Maces & Flails, very quick
A: large, hooves 3, deformed body, speed 2, tough skin 3
a: Divine Shield, Cleansing Flame, Renounce Religion


You were on level 2 of the Orcish Mines.
You worshipped the Shining One.
The Shining One was greatly pleased with you.
You were not hungry.

You visited 4 branches of the dungeon, and saw 17 of its levels.
You also visited: Ice Cave.

You collected 1229 gold pieces.
You spent 990 gold pieces at shops.

Inventory:

Hand Weapons
 e - the +1 shortbow "Iloafoyn" (weapon) {flame, rC++}
   (You bought it in a shop on level 1 of the Orcish Mines)

   It causes projectiles fired from it to burn those they strike, causing extra
   injury to most foes and up to half again as much damage against particularly
   susceptible opponents.
   It greatly protects you from cold.
 z - a +0 hunting sling
 R - a +4 scimitar of freezing
 V - a +0 arbalest
Missiles
 n - 26 bolts
 r - 157 sling bullets
 A - 411 stones
 G - 3 throwing nets
 S - 14 poisoned darts
 W - 50 arrows (quivered)
Armour
 h - a +2 robe of magic resistance (worn)
 u - a +1 helmet (worn)
 w - a +2 pair of gloves (worn)
 y - a +0 cloak (worn)
Jewellery
 d - an uncursed amulet of the gourmand
 g - a ring of magical power (left hand)
 q - an uncursed amulet of rage
 D - an amulet of regeneration (around neck)
 E - a +6 ring of evasion (right hand)
Wands
 v - a wand of iceblast (6)
 H - a wand of enslavement (7)
 I - a wand of acid (2)
 M - a wand of random effects (18)
 N - a wand of flame (20)
 O - a wand of polymorph (7)
Scrolls
 c - 2 scrolls of immolation
 i - a scroll of amnesia
 k - 2 scrolls of enchant armour
 l - 2 scrolls of remove curse
 m - a scroll of fog
 p - 2 scrolls of identify
 s - 8 scrolls of teleportation
 x - 4 scrolls of magic mapping
 B - 3 scrolls of fear
 K - 3 scrolls of vulnerability
Potions
 j - a potion of berserk rage
 o - a potion of brilliance
 t - 3 potions of haste
 C - a potion of resistance
 P - a potion of mutation
 T - a potion of magic
 U - a potion of ambrosia
 Z - a potion of flight
Books
 J - a manual of Maces & Flails
Comestibles
 f - 6 rations


   Skills:
 - Level 8.1 Fighting
 * Level 10.2 Bows
 - Level 6.6 Crossbows
 - Level 6.3 Dodging
 - Level 1.6 Spellcasting
 - Level 7.9 Hexes
 - Level 6.0 Earth Magic
 - Level 7.0 Invocations
 - Level 6.6 Evocations


You had 2 spell levels left.
You knew the following spells:

 Your Spells              Type           Power        Failure   Level  Hunger
a - Corona                Hex            ###....      1%          1    ##.....
b - Slow                  Hex            ###.....     1%          2    ###....
c - Leda's Liquefaction   Hex/Erth       ###.......   14%         4    #####..
d - Confuse               Hex            ###.....     3%          3    ####...
e - Passwall              Tmut/Erth      #.......     12%         2    ###....

Your spell library contained the following spells:

 Spells                   Type           Power        Failure   Level  Hunger
 Sandblast                Erth           ###...       2%          1    ##.....
 Ensorcelled Hibernation  Hex/Ice        ##....       8%          2    ###....
 Beastly Appendage        Tmut           #.....       26%         1    ##.....
 Freeze                   Ice            #...         26%         1    ##.....
 Infusion                 Chrm           #...         26%         1    ##.....
 Shroud of Golubria       Chrm/Tloc      #.....       38%         2    ###....
 Song of Slaying          Chrm           #.......     38%         2    ###....
 Sticks to Snakes         Tmut           #.......     38%         2    ###....
 Throw Frost              Conj/Ice       #.....       38%         2    ###....
 Tukima's Dance           Hex            ###.....     3%          3    ####...
 Cause Fear               Hex            ###.......   10%         4    #####..
 Dazzling Spray           Conj/Hex       ##....       16%         3    ####...
 Inner Flame              Hex/Fire       ##......     16%         3    ####...
 Portal Projectile        Hex/Tloc       ##....       16%         3    ####...
 Spectral Weapon          Hex/Chrm       ##......     16%         3    ####...
 Stone Arrow              Conj/Erth      #.....       22%         3    ####...
 Lee's Rapid Deconstruct  Erth           ###.......   52%         5    ######.
 Petrify                  Tmut/Erth      #.......     58%         4    #####..
 Ozocubu's Armour         Chrm/Ice       #.......     63%         3    ####...
 Regeneration             Chrm/Necr      #.........   63%         3    ####...
 Spider Form              Tmut/Pois      #.........   63%         3    ####...
 Ice Form                 Ice/Tmut       #.......     95%         4    #####..
 Summon Ice Beast         Ice/Summ       #.......     95%         4    #####..
 Throw Icicle             Conj/Ice       #.......     95%         4    #####..
 Blade Hands              Tmut           #.........   100%        5    ######.


Dungeon Overview and Level Annotations

Branches:
Dungeon (12/15)            Temple (1/1) D:4            Lair (2/6) D:10
    Orc (2/2) D:11          IceCv (visited)
  Swamp: Lair:2-4    Shoals: Lair:2-4     Snake: Lair:2-4    Spider: Lair:2-4
    Elf: Orc:2

Altars:
Ashenzari
Cheibriados
Dithmenos
Elyvilon
Fedhas
Gozag
Hepliaklqana
Kikubaaqudgha
Makhleb
Nemelex Xobeh
Okawaru
Qazlal
Ru
Sif Muna
Trog
Uskayaw
Vehumet
Wu Jian
Xom
Yredelemnul
Zin
The Shining One
Beogh

Shops:
D:9 *   Orc:1 [}?:*

Annotations:
D:10 2 transporters, 3 runed translucent doors
Orc:2 Erolcha


Innate Abilities, Weirdness & Mutations

You have hooves in place of feet.
Armour fits poorly on your strangely shaped body.
You cover ground very quickly.
You have extremely tough skin. (AC +3)


Message History

Done exploring.
Done exploring.
Done exploring.
There is a stone staircase leading down here.
You climb downwards.
Level annotation: Erolcha A troll comes into view.
The stone giant throws a large rock.
The large rock hits you!
There is a stone staircase leading up, spattered with blood here.
You see here a large rock.
Evoke which item? (* to show all) (? for menu, Esc to quit)
Aiming: Polymorph
Press: ? - help, Shift-Dir - straight line, f - stone giant
Aim: a stone giant (chance to defeat MR: 17%)
The stone giant resists with almost no effort.
The stone giant throws a large rock.
The large rock hits you!!!
Ouch! That really hurt!
* * * LOW HITPOINT WARNING * * *
The stone giant throws a large rock.
The large rock hits you!!!
You die...

...............
#..............
...............
...............#.
.C................
..................
...(......$......#
....$...@(.....(..
.....(............
#.................
..................
........[.........
.#.T.#.##([.......
#....###..<...#...
.... ##..(......
... #(........


You could see a stone giant and a troll.

Vanquished Creatures
  A stone giant (D:11)
  A hydra (D:10)
  4 two-headed ogres
  A deep troll (Orc:1)
  Pikel (D:6)
  3 cyclopes
  A spiny frog (Lair:1)
  3 gargoyles
  A komodo dragon (D:10)
  2 rime drakes (D:11)
  4 trolls
  Prince Ribbit (D:9)
  2 hippogriffs
  A wraith (D:11)
  10 yaks
  Eustachio (D:6)
  A basilisk (Lair:1)
  Menkaure (D:7)
  4 water moccasins
  An acid dragon (D:11)
  4 porcupines (Lair:1)
  12 orc warriors
  4 sky beasts
  2 slaves (D:6)
  2 ice beasts
  A hornet zombie (D:12)
  2 black bears
  2 eyes of draining
  3 centaurs
  6 ogres
  6 crocodiles
  8 bullfrogs
  A wyvern zombie (D:8)
  2 scorpions
  10 wights
  A howler monkey (D:10)
  2 vampire bats (D:3)
  2 electric eels (Lair:1)
  A crimson imp (D:5)
  2 bullfrog zombies (D:5)
  A quasit (D:9)
  4 centaur zombies
  2 jellies
  9 hounds
  2 centaur skeletons
  6 orc priests
  Crazy Yiuf (D:7)
  13 orc wizards
  3 bullfrog skeletons
  9 worker ants
  4 iguanas
  A killer bee zombie (D:8)
  4 hound skeletons
  A worker ant zombie (D:9)
  Robin (D:3)
  6 gnolls
  A howler monkey skeleton (D:6)
  12 adders
  2 shadow imps
  2 adder zombies (D:5)
  2 adder skeletons
  3 worms
  4 dart slugs
  2 leopard geckos
  61 orcs
  A ball python (D:3)
  6 bats
  A bat skeleton (D:3)
  4 bat zombies (D:3)
  8 giant cockroaches
  13 goblins
  7 hobgoblins
  11 jackals
  4 quokkas
  7 frilled lizards
  5 kobolds
  A leopard gecko zombie (D:5)
  A quokka zombie (D:5)
  9 rats
351 creatures vanquished.

Vanquished Creatures (others)
  A fungus (Lair:1)
  7 plants (D:10)
8 creatures vanquished.

Grand Total: 359 creatures vanquished

Notes
Turn   | Place    | Note
-------+----------+-------------------------------------------
     0 | D:1      | Emblim88 the Centaur Arcane Marksman began the quest for
                  | the Orb.
     0 | D:1      | Reached XP level 1. HP: 16/16 MP: 2/2
    70 | D:1      | Reached skill level 3 in Bows
    70 | D:1      | Reached XP level 2. HP: 11/23 MP: 3/3
   428 | D:1      | Reached XP level 3. HP: 19/28 MP: 4/4
   494 | D:1      | Learned a level 2 spell: Slow
  1303 | D:2      | Reached skill level 4 in Bows
  1492 | D:2      | Found an ornate altar of the Wu Jian Council.
  1502 | D:2      | Found a snail-covered altar of Cheibriados.
  1506 | D:2      | Reached XP level 4. HP: 31/35 MP: 6/6
  1743 | D:3      | Noticed Robin
  1773 | D:3      | Killed Robin
  2065 | D:3      | Found an ancient bone altar of Kikubaaqudgha.
  2069 | D:3      | Reached XP level 5. HP: 36/41 MP: 7/7
  2094 | D:3      | Reached skill level 5 in Bows
  2137 | D:3      | Found a faded altar of an unknown god.
  2289 | D:3      | Found a stormy altar of Qazlal.
  2846 | D:4      | Noticed an orc warrior
  2923 | D:3      | Reached XP level 6. HP: 15/50 MP: 8/8
  3354 | D:4      | HP: 1/50 [orc priest/divine providence (9)]
  3576 | D:4      | Reached skill level 6 in Bows
  3747 | D:3      | Killed an orc warrior
  3747 | D:3      | Reached XP level 7. HP: 15/57 MP: 9/9
  4175 | D:4      | Found a staircase to the Ecumenical Temple.
  4191 | Temple   | Entered the Ecumenical Temple
  4511 | Temple   | Became a worshipper of the Shining One
  4637 | D:4      | Learned a level 4 spell: Leda's Liquefaction
  4853 | D:4      | Found a burning altar of Makhleb.
  5005 | D:5      | Entered Level 5 of the Dungeon
  5195 | D:5      | Found a shimmering altar of Xom.
  5221 | D:5      | Reached skill level 1 in Invocations
  5264 | D:5      | Reached skill level 1 in Earth Magic
  5264 | D:5      | Reached skill level 1 in Evocations
  5694 | D:5      | Reached XP level 8. HP: 66/66 MP: 10/10
  6052 | D:5      | Reached * piety under the Shining One
  6923 | D:6      | Noticed Eustachio
  7010 | D:6      | Killed Eustachio
  7157 | D:6      | Found a snail-covered altar of Cheibriados.
  7200 | D:6      | Noticed Pikel
  8149 | D:6      | Killed Pikel
  8149 | D:6      | Reached skill level 5 in Hexes
  8150 | D:6      | Reached XP level 9. HP: 73/73 MP: 11/11
  8463 | D:7      | Reached skill level 5 in Fighting
  8858 | D:7      | Noticed Menkaure
  8878 | D:7      | Killed Menkaure
  9215 | D:7      | Reached skill level 7 in Bows
  9478 | D:7      | Noticed a two-headed ogre
  9478 | D:7      | Reached ** piety under the Shining One
  9480 | D:7      | Killed a two-headed ogre
  9532 | D:7      | Found a runed translucent door.
  9533 | D:7      | Noticed Crazy Yiuf
  9767 | D:7      | Killed Crazy Yiuf
  9860 | D:8      | Found a shadowy altar of Dithmenos.
  9929 | D:8      | Found a white marble altar of Elyvilon.
 10140 | D:8      | Reached skill level 5 in Invocations
 10199 | D:7      | Reached XP level 10. HP: 12/83 MP: 13/13
 10786 | D:8      | Found an iron altar of Okawaru.
 11788 | D:9      | Noticed Prince Ribbit
 11797 | D:9      | Killed Prince Ribbit
 11807 | D:9      | Noticed a brown ugly thing
 11808 | D:9      | Noticed a deep elf mage
 11962 | D:9      | Reached skill level 8 in Bows
 12217 | D:9      | Reached skill level 1 in Crossbows
 12226 | D:9      | Found a hide-covered altar of Uskayaw.
 12228 | D:9      | Noticed a +0 hand axe
 12228 | D:9      | Noticed a +0 dagger
 12288 | D:9      | Found Paleumau's Assorted Antiques.
 12293 | D:9      | Bought a hardcover book for 315 gold pieces
 12293 | D:9      | Bought a scroll of identify for 42 gold pieces
 12293 | D:9      | Bought a large zirconium amulet for 105 gold pieces
 12298 | D:9      | Learned a level 3 spell: Confuse
 12301 | D:9      | Learned a level 2 spell: Passwall
 12605 | D:10     | Entered Level 10 of the Dungeon
 12646 | D:10     | Found a transporter.
 12704 | D:10     | Noticed a two-headed ogre
 12788 | D:10     | Reached *** piety under the Shining One
 12859 | D:10     | Reached skill level 5 in Dodging
 12872 | D:10     | Noticed a gargoyle
 12892 | D:10     | Killed a gargoyle
 13003 | D:10     | Found a transporter.
 13113 | D:10     | Found a staircase to the Lair.
 13271 | D:10     | Noticed a gargoyle
 13281 | D:10     | Killed a gargoyle
 13281 | D:10     | Reached skill level 5 in Earth Magic
 13579 | D:10     | Reached skill level 5 in Evocations
 13804 | D:10     | Found a runed translucent gate.
 13804 | D:10     | Found a runed translucent gate.
 13804 | D:10     | Noticed a green ugly thing
 13805 | D:10     | Found a runed translucent gate.
 13806 | D:10     | Noticed a brown ugly thing
 13807 | D:10     | Noticed a cyan ugly thing
 13809 | D:10     | Noticed a white ugly thing
 13809 | D:10     | Noticed a cyan ugly thing
 14080 | D:11     | Noticed a gargoyle
 14088 | D:11     | Killed a gargoyle
 14088 | D:11     | Reached XP level 11. HP: 91/91 MP: 15/15
 14142 | D:11     | Found a frozen archway.
 14171 | IceCv    | Entered an ice cave
 14523 | D:11     | Reached **** piety under the Shining One
 14612 | D:11     | Found a staircase to the Orcish Mines.
 14746 | D:11     | Noticed a two-headed ogre
 14803 | D:11     | Killed a two-headed ogre
 16249 | D:12     | Noticed a death knight
 16869 | D:10     | Killed a two-headed ogre
 16869 | D:10     | Reached skill level 5 in Crossbows
 16914 | Lair:1   | Entered Level 1 of the Lair of Beasts
 17562 | Lair:1   | Noticed a six-headed hydra
 17619 | D:10     | The Shining One protects you from harm!
 17829 | D:10     | Killed a six-headed hydra
 17829 | D:10     | Reached XP level 12. HP: 87/101 MP: 9/17
 19824 | Orc:1    | Entered Level 1 of the Orcish Mines
 19824 | Orc:1    | Found Seem's Assorted Antiques.
 20125 | Orc:1    | Noticed a stone giant
 20265 | D:11     | Killed a stone giant
 20489 | Orc:1    | Found Kisk's Book Shoppe.
 20504 | Orc:1    | Bought an ancient shortbow for 192 gold pieces
 20504 | Orc:1    | Identified the cursed +1 shortbow "Iloafoyn" {flame, rC++}
                  | (You bought it in a shop on level 1 of the Orcish Mines)
 20620 | Orc:1    | Found a roughly hewn altar of Beogh.
 20623 | Orc:1    | Found Fuocia's Magic Scroll Emporium.
 20658 | Orc:1    | Found Woroegoo's Gadget Shop.
 20667 | Orc:1    | Bought a scroll of identify for 28 gold pieces
 20667 | Orc:1    | Bought a scroll of identify for 28 gold pieces
 20667 | Orc:1    | Bought a scroll of identify for 28 gold pieces
 20670 | Orc:1    | Bought a scroll of identify for 28 gold pieces
 20670 | Orc:1    | Bought a scroll of identify for 28 gold pieces
 20670 | Orc:1    | Bought a scroll of identify for 28 gold pieces
 20876 | Orc:1    | Bought a wand of iceblast (8) for 168 gold pieces
 20882 | Orc:1    | Found Juureede's Armour Shop.
 21158 | Orc:2    | Entered Level 2 of the Orcish Mines
 21310 | Orc:2    | Noticed Erolcha
 21312 | Orc:2    | Noticed a two-headed ogre
 21380 | Orc:1    | Reached skill level 9 in Bows
 21471 | Orc:2    | Noticed a stone giant
 21697 | Orc:2    | Noticed a two-headed ogre
 21732 | Orc:1    | Killed a two-headed ogre
 21732 | Orc:1    | Reached skill level 10 in Bows
 21764 | Orc:2    | Hit by a large rock thrown by a stone giant

Levels and vault maps discovered:
D:1:      zaba_arrival_water, layout_loops_ring, minmay_cupped
D:2:      layout_rooms, minitemple, kennysheep_nub, minmay_domino_2
D:3:      layout_basic, kennysheep_vampire_church, marbit_many_paths,
          chequers_ecumenical_altar_island, uniq_robin
D:4:      layout_basic, makhleb_blood_cavern_becter,
          minmay_temple_entry_gardened_gates, first_ration,
          kennysheep_pointless_box, mrwooster_statue_mirror,
          minmay_manual_monstrance
D:5:      layout_gridville, xom_teletrap_fun, serial_undead, serial_undead_a,
          serial_undead_e, serial_undead_e, serial_undead_c
D:6:      layout_basic, kennysheep_slug_shrine, uniq_eustachio, uniq_pikel
D:7:      layout_loops_corners, grunt_ogre_cave, uniq_menkaure,
          uniq_crazy_yiuf_cottage
D:8:      layout_loops_ring, kennysheep_mini_moat,
          nicolae_dithmenos_the_darkroom, old_standard_altar,
          kennysheep_generic_room_3
D:9:      layout_loops_ring, dancing_weapons_uskayaw, serial_shops, shop,
          minivault_12, uniq_prince_ribbit1
D:10:     gammafunk_cloud_chamber, layout_loops_ring, david_lair_shrubbed,
          serial_glass, glass_columns_a, glass_columns_c, glass_columns_c,
          glass_columns_c, glass_columns_a, glass_columns_b, item_on_display_a,
          ploomutoo_gammafunk_ghost_potion_laboratory
D:11:     layout_loops_ring, hiddenorc1_lemuel, portal_ice_cave_rime
D:12:     layout_cave_pods, dk_noncrumbling_4, grunt_ministairs_8,
          onia_ninara_dug_in_and_dangerous
Temple:   minmay_temple_forest_path
Lair:1:   layout_concentric_octagons, grunt_megastairs_1,
          infiniplex_staircase_pool, serial_bayou_shore_b, serial_bayou_shore_b
Lair:2:   layout_gridlike, minmay_shoals_entry_lonely_mermaid,
          minmay_snake_entry_six_corridors, grunt_megastairs_5,
          serial_bayou_shore_b, lemuel_fruit_tree
Orc:1:    layout_diamond_mine, serial_shops, shop, nicolae_shop_crystal,
          nicolae_shop_statue_plus, shop, nicolae_shop_trees, mines2_david
Orc:2:    st_orc_open, layout_caves, david_defended_altar_orc, uniq_erolcha

Skill      XL: |  1  2  3  4  5  6  7  8  9 10 11 12 |
---------------+-------------------------------------+-----
Bows           | 3 4 5 6 7 8 10 | 10.2
Hexes          | 3 4 5 6 7 |  7.9
Fighting       | 2 3 4 5 6 7 8 |  8.1
Dodging        | 2 3 4 5 6 |  6.3
Invocations    | 1 3 5 6 7 |  7.0
Earth Magic    | 1 3 4 5 6 |  6.0
Evocations     | 1 2 4 5 6 |  6.6
Crossbows      | 3 5 6 |  6.6
Spellcasting   | |  1.6

Action                   |  1- 3 |  4- 6 |  7- 9 | 10-12 || total
-------------------------+-------+-------+-------+-------++-------
Melee: Whip              |    92 |   170 |   110 |    10 ||   382
       Kick              |    11 |    30 |    26 |     5 ||    72
 Fire: Shortbow          |    11 |    40 |   419 |   154 ||   624
       Hunting sling     |       |    25 |    45 |    64 ||   134
       Arbalest          |       |       |       |   575 ||   575
Throw: Stone             |       |     1 |    65 |       ||    66
       Throwing net      |       |     1 |       |       ||     1
 Cast: Slow              |     1 |    17 |    15 |     1 ||    34
       Corona            |       |       |    12 |     1 ||    13
       Confuse           |       |       |       |    80 ||    80
       Leda's Liquefacti |       |       |       |     2 ||     2
Invok: Divine Shield     |       |       |       |     2 ||     2
Evoke: Wand              |       |       |     2 |    19 ||    21
  Use: Scroll            |       |     5 |     5 |    16 ||    26
       Potion            |       |     4 |     1 |     7 ||    12
  Eat: Chunk             |     1 |     4 |       |    13 ||    18
       Ration            |       |     1 |     5 |     9 ||    15
Armor: Robe              |    33 |    95 |    79 |   105 ||   312
Dodge: Dodged            |    46 |   149 |   292 |   455 ||   942
Block: Other             |       |       |       |     7 ||     7
